 Dungeon Crawl Stone Soup version 0.30-a0-310-g7d6cbdfea6 (webtiles) character file.

Game seed: 12356572994340357898

74 ryw the Trooper (level 4, -1/38 HPs)
             Began as a Demonspawn Monk on Oct 25, 2022.
             Killed from afar by an orc wizard (8 damage)
             ... with a puff of flame
             ... on level 3 of the Dungeon.
             The game lasted 00:02:56 (2424 turns).

ryw the Trooper (Demonspawn Monk)                   Turns: 2424, Time: 00:02:56

Health: -1/38      AC:  3    Str: 14    XL:     4   Next: 10%
Magic:  4/4        EV: 12    Int: 11    God:
Gold:   123        SH:  0    Dex: 15    Spells: 3/3 levels left

rFire   . . .      SeeInvis +      - Unarmed
rCold   . . .      Faith    .    (no shield)
rNeg    . . .      Spirit   .    o - +0 leather armour
rPois   .          Reflect  .    (helmet restricted)
rElec   .          Harm     .    (no cloak)
rCorr   .          Rampage  .    (no gloves)
Will    .....                    (no boots)
Stlth   +.........               (no amulet)
HPRegen 0.26/turn                h - ring of see invisible
MPRegen 0.09/turn                (no ring)

@: confused, ambrosia-drunk
A: horns 1, demonic magic 1, weakness stinger 1
a: no special abilities


You were on level 3 of the Dungeon.
You visited 1 branch of the dungeon, and saw 4 of its levels.

You collected 123 gold pieces.

Inventory:

Missiles
 e - 2 poisoned darts (quivered)
Armour
 l - a +0 tower shield
 o - a +0 leather armour (worn)
Jewellery
 h - a ring of see invisible (left hand)
Scrolls
 d - a scroll of amnesia {unknown}
 i - 2 scrolls of torment {unknown}
 k - 2 scrolls of teleportation {unknown}
Potions
 a - a potion of might {unknown}
 c - a potion of degeneration {unknown}
 f - a potion of berserk rage {unknown}
 g - a potion of haste {unknown}
 j - a potion of lignification {unknown}
 m - a potion of heal wounds {unknown}
 n - a potion of flight {unknown}
 p - a potion of curing {unknown}


   Skills:
 + Level 4.8 Fighting
 - Level 2.6 Dodging
 - Level 1.7 Stealth
 + Level 0.0 Shields
 - Level 3.0 Unarmed Combat


You had 3 spell levels left.
You didn't know any spells.
Your spell library contained the following spells:

 Spells                   Type           Power      Damage    Failure   Level
 Slow                     Hex            0%         N/A       41%         1
 Confusing Touch          Hex            0%         N/A       80%         3
 Ignite Poison            Fire/Tmut/Pois 0%         N/A       80%         3
 Vampiric Draining        Necr           0%         2d6       80%         3
 Sticky Flame             Conj/Fire      0%         2d3       99%         4
 Ignition                 Fire           0%         3d3       100%        8


Dungeon Overview and Level Annotations

Branches:
Dungeon (4/15)
 Temple: D:4-7

Altars:
Xom

Shops:
D:1 [


Innate Abilities, Weirdness & Mutations

You have a pair of small horns on your head.
Spells you cast may paralyse adjacent enemies.
You have a small tail.


Message History

The orc wizard hits you with a +0 dagger.
A hobgoblin comes into view.
You closely miss the orc wizard. You headbutt the orc wizard.
The orc wizard is severely wounded.
The orc wizard hits you with a +0 dagger.
The orc priest hits you from afar with a +0 trident!
The orc wizard attacks as you move away!
The orc wizard hits you but does no damage.
The orc wizard gestures at you while chanting.
You are confused.
You bump into the rock wall.
The orc priest invokes the aid of Beogh against you.
Beogh smites you!
* * * LOW HITPOINT WARNING * * *
You bump into the rock wall.
The orc wizard hits you with a +0 dagger.
* * * LOW HITPOINT WARNING * * *
Unknown command.
Unknown command.
There is a stone staircase leading up here.
The orc wizard hits you with a +0 dagger.
* * * LOW HITPOINT WARNING * * *
In your confused state, you trip and fall back down the stairs.
* * * LOW HITPOINT WARNING * * *
You feel less confused.
The orc wizard hits you but does no damage.
Unknown command.
The orc wizard points at you and mumbles some strange words.
The puff of flame hits you.
* * * LOW HITPOINT WARNING * * *
The orc priest looks satisfied for a moment.
You climb upwards.
There is a stone staircase leading down here.
Unknown command.
Okay, then.
You are confused.
You feel invigorated.
The orc wizard points at you and mumbles some strange words.
The puff of flame hits you!
You die...

##.........###....#.. ###########
#..8...8 #....... ############
#.##..## # #...##.....####.##.###
## #...##.###.##......... .#
####...##.# #.##..[...... ##
######......o..###.##.#.#####.
####...##.......@....>.......###.
.......##.........###.##.........
####...##.##...##.# #.##....####.
#.........##...##.###.##.........
#.###.###.##...##.....####.######
..###.# #.###...#.##### #.#
....#.# #.# ###.#.# ##'## ..#...#
#.# #.#.# ##...## ....###
#.#####.#.# ##.....#


You could see an orc wizard.

Vanquished Creatures
  3 adders
  4 orcs
  6 bats
  4 endoplasms
  2 giant cockroaches
  2 goblins (D:3)
  3 hobgoblins
  4 quokkas
  3 ball pythons
  4 frilled lizards
  3 kobolds
  2 rats (D:2)
40 creatures vanquished.

Notes
Turn   | Place    | Note
-------+----------+-------------------------------------------
     0 | D:1      | ryw the Demonspawn Monk began the quest for the Orb.
     0 | D:1      | Reached XP level 1. HP: 18/18 MP: 1/1
   138 | D:1      | Discovered your monstrous ancestry.
   138 | D:1      | Gained mutation: You have a small tail. [demonic ancestry]
   138 | D:1      | Reached XP level 2. HP: 19/24 MP: 2/2
   223 | D:1      | Found Xetieq's Antique Armour Shop.
   604 | D:2      | Reached skill level 4 in Fighting
   607 | D:2      | Gained mutation: Spells you cast may paralyse adjacent
                  | enemies. [demonic ancestry]
   607 | D:2      | Reached XP level 3. HP: 19/31 MP: 3/3
  1497 | D:3      | Found a shimmering altar of Xom.
  2105 | D:3      | Gained mutation: You have a pair of small horns on your
                  | head. [demonic ancestry]
  2105 | D:3      | Reached XP level 4. HP: 18/38 MP: 4/4
  2424 | D:3      | Killed from afar by an orc wizard

Illustrated notes

Levels and vault maps discovered:
D:1:      heliophobic_arrival_henge, layout_rooms, serial_shops, shop
D:2:      layout_loops_ring, lightli_corner_chamber
D:3:      layout_loops_corners, mainiacjoe_overflow_small_starburst,
          elyvilon_altar_5, marbit_many_paths, minmay_misc_feat_four_crosses,
          wad_floor_pattern_untrapped
D:4:      layout_rooms

Skill      XL: |  1  2  3 |
---------------+----------+-----
Fighting       | 4 |  4.8
Unarmed Combat | 3 |  3.0
Dodging        | |  2.6
Stealth        | |  1.7

Action                   |  1- 3 |  4- 6 || total
-------------------------+-------+-------++-------
Melee: Unarmed           |   148 |     5 ||   153
       Tailslap          |    12 |     1 ||    13
       Punch             |     2 |       ||     2
       Headbutt          |       |     2 ||     2
  Use: Potion            |       |     1 ||     1
 Stab: Sleeping          |     6 |       ||     6
Armor: Robe              |    26 |       ||    26
       Leather armour    |    10 |     3 ||    13
Dodge: Dodged            |   103 |     2 ||   105

Table legend: (Time is in decaauts)
 A = Elapsed time spent in this place.
 B = Non-inter-level travel time spent in this place.
 C = Inter-level travel time spent in this place.
 D = Time resting spent in this place.
 E = Time spent auto-exploring this place.
 F = Levels seen in this place.
 G = Mean time per level.
                   A        B        C        D        E       F      G
               +--------+--------+--------+--------+--------+-----+--------+
         Total |   2415 |   2289 |    126 |      9 |   1903 |   4 |  603.8 |
       Dungeon |   2415 |   2289 |    126 |      9 |   1903 |   4 |  603.8 |
               +--------+--------+--------+--------+--------+-----+--------+

Top non-repeatable levels by time:
     D:3: 957 daAuts
     D:2: 888 daAuts
     D:1: 555 daAuts
     D:4: 14 daAuts
